 Dungeon Crawl Stone Soup version 0.28-a0-407-g69098e2f6d (webtiles) character file.

Game seed: 15450205141143825226

18 dolemite99 the Poker (level 2, 0/24 HPs)
             Began as a Human Abyssal Knight on Sept 5, 2021.
             Was a Follower of Lugonu.
             Succumbed to a goblin's poison
             ... on level 1 of the Dungeon.
             The game lasted 00:00:57 (1233 turns).

dolemite99 the Poker (Human Abyssal Knight)         Turns: 1233, Time: 00:00:57

Health: 0/24       AC:  3    Str: 10 (12) XL:     2   Next: 85%
Magic:  3/3        EV: 11    Int:  9 (12) God:    Lugonu [*.....]
Gold:   22         SH:  0    Dex: 10 (12) Spells: 1/1 levels left

rFire   . . .      SeeInvis .   a - +1 spear
rCold   . . .      Faith    .   (no shield)
rNeg    . . .      Spirit   .   b - +0 leather armour
rPois   .          Reflect  .   (no helmet)
rElec   .          Harm     .   (no cloak)
rCorr   .          Rampage  .   (no gloves)
Will    .....                   (no boots)
Stlth   +.........              (no amulet)
HPRegen 0.08/turn               (no ring)
MPRegen 0.08/turn               (no ring)

@: brilliant, lethally poisoned (0 -> -14)
A: no striking features
a: Renounce Religion, Depart the Abyss


You were on level 1 of the Dungeon.
You worshipped Lugonu.
Lugonu was aware of your devotion.
You visited 1 branch of the dungeon, and saw 1 of its levels.
You visited the Abyss 1 time.

You collected 22 gold pieces.

Inventory:

Hand Weapons
 a - a +1 spear (weapon)
Armour
 b - a +0 leather armour (worn)
Scrolls
 e - a scroll of amnesia {unknown}


   Skills:
 - Level 3.0 Fighting
 + Level 3.1 Polearms
 - Level 2.0 Armour
 - Level 1.0 Dodging
 - Level 2.0 Invocations


You had one spell level left.
You didn't know any spells.
Your spell library was empty.

Dungeon Overview and Level Annotations

Branches:
Dungeon (1/15)

Altars:


Message History

No target in view!
No target in view!
A goblin comes into view. It is wielding a +0 dagger of venom.
A goblin is nearby!
The goblin shouts!
The goblin hits you but does no damage.
You are poisoned.
There is an open door here.
You hit the goblin but do no damage.
You feel sick. The goblin closely misses you.
You feel sick. The goblin closely misses you.
You feel sick. The goblin hits you but does no damage.
You are more poisoned.
You closely miss the goblin.
You feel very sick.
The goblin hits you with a +0 dagger of venom.
You are lethally poisoned!
You are too injured to fight recklessly!
Okay, then.
It was a potion of brilliance.
You feel clever all of a sudden.
* * * LOW HITPOINT WARNING * * *
You feel very sick. The goblin barely misses you.
It was a potion of heal wounds.
You feel much better.
You feel very sick.
The goblin hits you with a +0 dagger of venom.
You are lethally poisoned!
You hit the goblin.
You kill the goblin!
Lugonu accepts your kill.
You feel very sick.
It was a potion of degeneration.
There was something very wrong with that liquid.
You feel weakened.
You feel dopey.
You feel clumsy.
* * * LOW HITPOINT WARNING * * *
You feel very sick.
* * * LOW HITPOINT WARNING * * *
You feel very sick.
You die...

##### ......
###### ###+######
.........#
.........+
.........### #####
........... ....#
........)#########
###.#
.......@.'.†.....#
#.#
.........#######.#
#.# .........# #.#
#.# .........# #.#
#.# .........# #.#
#.# .........# #.#
###.# .........#
#.# #...#
########## #.#
#.### #.#


There were no monsters in sight!

Vanquished Creatures
  A dart slug (D:1)
  2 endoplasms (D:1)
  3 hobgoblins (D:1)
  2 ball pythons (D:1)
  3 bats (D:1)
  3 goblins (D:1)
  A rat (D:1)
15 creatures vanquished.

Notes
Turn   | Place    | Note
-------+----------+-------------------------------------------
     0 | Abyss:1  | dolemite99 the Human Abyssal Knight began the quest for the
                  | Orb.
     0 | Abyss:1  | Reached XP level 1. HP: 18/18 MP: 2/2
    27 | D:1      | Escaped the Abyss
   403 | D:1      | Reached XP level 2. HP: 21/24 MP: 3/3
  1233 | D:1      | Succumbed to a goblin's poison

Illustrated notes

Levels and vault maps discovered:
D:1:      minmay_arrival_doors, layout_basic

Skill      XL: |  1  2 |
---------------+-------+-----
Polearms       | 3 |  3.1
Fighting       | |  3.0
Armour         | |  2.0
Dodging        | |  1.0
Invocations    | |  2.0

Action                   || total
-------------------------++-------
Melee: Spear             ||    56
  Use: Potion            ||     3
Armor: Leather armour    ||    22
Dodge: Dodged            ||    36

Table legend: (Time is in decaauts)
 A = Elapsed time spent in this place.
 B = Non-inter-level travel time spent in this place.
 C = Inter-level travel time spent in this place.
 D = Time resting spent in this place.
 E = Time spent auto-exploring this place.
 F = Levels seen in this place.
 G = Mean time per level.
                   A        B        C        D        E       F      G
               +--------+--------+--------+--------+--------+-----+--------+
         Total |   1230 |   1230 |      0 |    734 |    336 |   2 |  615.0 |
       Dungeon |   1203 |   1203 |      0 |    734 |    326 |   1 | 1203.0 |
         Abyss |     27 |     27 |      0 |      0 |     10 |   1 |   27.0 |
               +--------+--------+--------+--------+--------+-----+--------+

Top non-repeatable levels by time:
     D:1: 1203 daAuts
 Abyss:1: 27 daAuts
